Map: Astillero orbital

Players

Xandros

  • Race: Zerg Zerg

IA (Muy difícil) 1 - Winner!

  • Race: Terran Terran

VOD

Have the link to the VOD?

Description

Time

  • Played on: Nov. 24, 2015, 9:48 a.m.
  • Length: 9:15
Show
View Real Time Build Order
Export as new Build Order

Xandros Zerg 

Build Orders: Pool First 

Get SALT Encoding   

  12  0:05  Drone  
  13  0:11  Drone  
  14  0:19  Overlord  
  14  0:48  Drone x3  
  17  0:59  Drone  
  18  1:14  Spawning Pool  
  18  1:17  Drone  
  18  1:20  Hatchery, Drone  
  18  1:31  Drone  
  19  1:42  Drone  
  20  1:56  Overlord  
  20  2:02  Queen  
  22  2:13  Spine Crawler  
  22  2:15  Hatchery, Extractor  
  20  2:18  Drone x2  
  21  2:31  Queen  
  21  2:34  Drone  
  24  2:57  Zergling x6  
  27  3:03  Drone  
  28  3:09  Overlord  
  28  3:18  Overlord  
  28  3:26  Queen  
  30  3:37  Queen  
  32  3:44  Queen  
  35  3:48  Drone x2  
  35  3:50  Drone  
  35  3:51  Drone x2  
  35  3:54  Zergling x6  
  42  4:03  Extractor  
  42  4:04  Zergling x4  
  43  5:17  Drone x3  
  43  5:20  Drone x2  
  43  5:21  Drone  
  49  5:39  Drone  
  50  5:43  Overlord x3  
  50  5:47  Metabolic Boost  
  50  5:56  Baneling Nest  
  49  6:01  Lair  
  49  6:19  Evolution Chamber  
  49  6:22  Evolution Chamber  
  47  6:34  Drone x3  
  47  6:35  Drone x2  
  52  6:45  Drone x3  
  52  6:46  Drone  
  56  6:47  Drone x3  
  59  6:58  Extractor  
  58  8:17  Pneumatized Carapace  
  58  8:20  Spire  
  57  8:35  Hydralisk Den  
  56  8:44  Overseer  
  56  8:55  Baneling x2  
Show
View Real Time Build Order
Export as new Build Order

IA (Muy difícil) 1 Terran - Winner!

Build Orders: MMM Bio 

Get SALT Encoding   

  12  0:00  SCV  
  13  0:13  SCV  
  14  0:19  Supply Depot  
  14  0:25  SCV  
  15  0:29  Refinery  
  15  0:41  SCV  
  16  0:47  Barracks  
  16  0:53  SCV  
  17  1:05  SCV  
  18  1:17  SCV  
  19  1:34  Marine  
  19  1:35  Supply Depot  
  19  1:37  Orbital Command  
  20  1:40  Factory  
  20  1:50  Barracks  
  20  1:52  Marine  
  21  2:03  SCV  
  21  2:05  Refinery  
  22  2:09  Marine  
  22  2:15  SCV  
  24  2:20  Supply Depot  
  24  2:24  Factory Tech Lab  
  24  2:27  SCV, Marine  
  26  2:37  Marine  
  27  2:44  SCV  
  27  2:45  Siege Tank  
  27  2:48  Marine  
  32  2:54  Marine  
  33  2:58  Supply Depot  
  33  2:59  SCV  
  34  3:06  Marine  
  34  3:12  Marine  
  35  3:17  Siege Tank  
  39  3:20  SCV  
  39  3:24  Marine  
  41  3:30  Marine  
  41  3:32  Supply Depot  
  42  3:40  SCV  
  43  3:49  Siege Tank  
  46  4:01  Command Center  
  46  4:02  SCV  
  47  4:08  Barracks Tech Lab  
  47  4:09  Barracks Tech Lab  
  47  4:14  SCV  
  48  4:20  Supply Depot  
  48  4:26  SCV  
  48  4:27  Marauder  
  48  4:28  Marauder  
  53  4:39  Stimpack  
  53  4:48  Marine  
  53  4:49  Marauder  
  53  4:50  Barracks  
  56  5:00  Supply Depot  
  56  5:06  Marauder  
  58  5:10  Marine  
  60  5:14  SCV  
  60  5:16  SCV  
  61  5:26  SCV  
  61  5:28  Marine, Starport, Marauder  
  64  5:34  SCV  
  66  5:37  Barracks Reactor  
  66  5:38  SCV  
  67  5:46  SCV, Marauder  
  67  5:49  Marine  
  71  5:50  SCV  
  72  5:59  SCV, Supply Depot  
  72  6:02  SCV  
  72  6:04  Combat Shields, Medivac  
  74  6:06  Marine  
  74  6:08  Marauder  
  74  6:11  SCV  
  80  6:14  SCV  
  81  6:19  Engineering Bay  
  81  6:23  SCV  
  81  6:25  Marauder  
  84  6:28  Supply Depot, SCV  
  85  6:34  Medivac  
  85  6:35  SCV  
  88  6:40  SCV  
  88  6:43  Refinery  
  88  6:46  Concussive Shells  
  88  6:47  Terran Infantry Weapons Level 1, Marauder x2  
  93  6:52  Supply Depot  
  93  6:58  Engineering Bay  
  93  7:01  Command Center  
  93  7:08  Marauder  
  95  7:10  SCV x2  
  95  7:14  Marauder  
  99  7:21  Supply Depot  
  99  7:23  Orbital Command  
  99  7:26  Missile Turret  
  99  7:28  Missile Turret  
  99  7:37  Barracks, Starport Reactor  
  99  7:41  Marine  
  99  7:43  Marine  
  101  7:44  Marine  
  101  7:46  Marine  
  103  7:52  Supply Depot  
  103  8:00  Marauder  
  103  8:03  Marauder  
  107  8:12  Missile Turret  
  107  8:13  Viking  
  107  8:14  SCV x2, Medivac  
  107  8:15  SCV  
  114  8:21  Marauder  
  114  8:26  SCV  
  114  8:27  SCV  
  118  8:28  SCV  
  119  8:34  Missile Turret  
  119  8:38  SCV, Missile Turret  
  119  8:39  Orbital Command  
  119  8:40  SCV  
  121  8:43  Medivac  
  125  8:50  SCV  
  125  8:52  Supply Depot  
  125  8:53  SCV  
  127  9:02  SCV  
  130  9:04  Missile Turret  
Tags
 
Add a new tag
Caveats
  • Supply blocks, unpowered buildings, or Contaminate may cause inaccurate times.
  • Supply counts are checked every 10 seconds.